 Dungeon Crawl Stone Soup version 0.18-a0-1197-g8004e50 (webtiles) character file.

230 M4edhros the Sneak (level 6, -2/38 HPs)
             Began as an Octopode Artificer on Jan 31, 2016.
             Slain by an orc
             ... wielding a +0 whip
              (6 damage)
             ... on level 5 of the Dungeon.
             The game lasted 00:03:31 (1670 turns).

M4edhros the Sneak (Octopode Artificer)             Turns: 1670, Time: 00:03:31

Health: -2/38      AC:  1    Str: 10    XL:     6   Next: 3%
Magic:  9/9        EV: 13    Int: 17    God:
Gold:   58         SH:  0    Dex: 12    Spells: 0 memorised, 5 levels left

rFire  . . .     SeeInvis .     a - +0 short sword
rCold  . . .     Gourm    .     (no shield)
rNeg   . . .     Faith    .     (helmet restricted)
rPois  .         Spirit   .     (no amulet)
rElec  .         Dismiss  .     i - ring of sustain attributes
rCorr  .         Reflect  .     e - ring of wizardry
SustAt +         Harm     .     (no ring)
MR     .....                    (no ring)
Stlth  ++++......               (no ring)
                                (no ring)
                                (no ring)
                                (no ring)

@: not resistant to hostile enchantments, stealthy
A: almost no armour, amphibious, 8 rings, constrict 8, camouflage 1, gelatinous
body 1
a: no special abilities


You were on level 5 of the Dungeon.
You were very hungry.

You visited 1 branch of the dungeon, and saw 5 of its levels.

You collected 58 gold pieces.

Inventory:

Hand Weapons
 a - a +0 short sword (weapon)
Missiles
 g - 4 stones (quivered)
 k - 13 sling bullets
Jewellery
 e - a ring of wizardry (right tentacle)
 i - a ring of sustain attributes (left tentacle)
Wands
 b - a wand of flame (8/48)
 c - a wand of enslavement (8/24)
 d - a wand of random effects (5/48)
Scrolls
 j - a scroll of remove curse {unknown}
Comestibles
 f - 2 bread rations


   Skills:
 - Level 1.0 Fighting
 - Level 1.0 Short Blades
 * Level 4.2 Dodging
 * Level 5.2 Stealth
 + Level 4.2 Evocations


You had 5 spell levels left.
You didn't know any spells.

Dungeon Overview and Level Annotations

Branches:
Dungeon (5/15)
 Temple: D:4-7

Altars:
Cheibriados


Innate Abilities, Weirdness & Mutations

You cannot wear most types of armour.
You are amphibious.
You can wear up to eight rings at the same time.
You can use your tentacles to constrict eight enemies at once.
Your skin changes colour to match your surroundings (Stealth).
Your rubbery body absorbs attacks (AC +1).


Message History

Press: ? - help, Dir - move target cursor, f - gnoll, p - shadow imp
Aim: a gnoll Attack!
The gnoll shouts!
A kobold comes into view. It is wielding a short sword.
You swap places.
The orc barely misses you.
You barely miss the orc. Your grab misses the orc. The orc misses you.
You barely miss the orc. You grab the orc.
You constrict the orc, but do no damage.
The orc hits you with a whip.
* * * LOW HITPOINT WARNING * * *
You hit the orc but do no damage.
You constrict the orc, but do no damage.
The orc hits you with a whip.
* * * LOW HITPOINT WARNING * * *
You hit the orc but do no damage. You constrict the orc.
Your orc wizard gestures wildly while chanting.
Your orc wizard seems to speed up.
The orc hits you with a whip.
You die...

#..# #.......# #.o.##..#
#..##.......#######.#...#
#..........##........#<#
###...........####.###.#
#........### #.# #.#
#........# #.# #.#
#######......>.# #[# #<#
#...oo..).)..o.# #.. #.#
...#####.######@## ##.
#.# .######.# #o.# # #S#
........# ##.# #######.#
#.## ##.# #..#
########..#Kg..'.....#
(........##....#5....#
..#########... #.......
#.# ### #.....#..#


You could see an orc and a friendly orc wizard.

Vanquished Creatures
  An ogre (D:5)
  A centaur (D:5)
  A worker ant (D:5)
  An adder (D:5)
  A shadow imp (D:5)
  4 orcs (D:5)
  3 goblins
  3 hobgoblins (D:1)
  A jackal (D:1)
  A bat (D:1)
  2 giant newts
  6 kobolds
  2 rats (D:1)
27 creatures vanquished.

Vanquished Creatures (collateral kills)
  2 orcs (D:5)
2 creatures vanquished.

Vanquished Creatures (others)
  A giant frog skeleton (D:5)
  An orc wizard (D:5)
  2 orcs
4 creatures vanquished.

Grand Total: 33 creatures vanquished

Notes
Turn   | Place    | Note
--------------------------------------------------------------
     0 | D:1      | M4edhros the Octopode Artificer began the quest for the Orb.
     0 | D:1      | Reached XP level 1. HP: 13/13 MP: 3/3
   319 | D:1      | Reached XP level 2. HP: 16/18 MP: 4/4
   682 | D:5      | Entered Level 5 of the Dungeon
   926 | D:5      | Reached XP level 3. HP: 10/23 MP: 5/5
  1146 | D:5      | Reached XP level 4. HP: 15/28 MP: 6/6
  1320 | D:5      | Noticed an ogre
  1339 | D:5      | Killed an ogre
  1339 | D:5      | Reached skill level 4 in Stealth
  1339 | D:5      | Reached XP level 5. HP: 31/33 MP: 6/8
  1349 | D:5      | Noticed a centaur
  1367 | D:5      | Killed a centaur
  1367 | D:5      | Reached skill level 5 in Stealth
  1600 | D:5      | Reached XP level 6. HP: 31/38 MP: 9/9
  1660 | D:5      | Found a snail-covered altar of Cheibriados.
  1670 | D:5      | Slain by an orc

Vault maps used:
D:1:      dpeg_arrival_radiant, minmay_newt_pond
D:2:      kennysheep_goblin_castle, bloody_trog
D:3:      lemuel_coloured_pillars_altar, corexii_leaking_fountain, uniq_grinder
D:4:      lemuel_crystal_altar, kennysheep_mini_moat,
          minmay_temple_entry_butterflies, uniq_edmund, uniq_pikel
D:5:      cheibriados_altar_wand_db, lemuel_zombie_altar_kikubaaqudgha,
          first_bread

Action                   |  1- 3 |  4- 6 || total
-------------------------+-------+-------++-------
Melee: Short sword       |    39 |    19 ||    58
Evoke: Wand              |     6 |    18 ||    24
  Use: Potion            |       |     4 ||     4
 Stab: Sleeping          |     2 |       ||     2
       Paralysed         |       |     1 ||     1
  Eat: Chunk             |       |     1 ||     1
